Cogmind - Beta 12 *** ADVENTURER MODE // 2023.05.08 @ 20:40:07 Player: Deep Beef Result: Destroyed by YI-UF0 with YI-UF0's Doublenader Performance ------------- Evolutions (0) 0 Regions Visited (4) 800 Robots Destroyed (19) 95 Value Destroyed (430) 430 Prototype IDs (1) 20 Alien Tech Used (0) 0 Bonus (332) 332 TOTAL SCORE: 1677 Bonus ------- Follower Combat Kills 32 Aligned with FarCom 300 Cogmind --------- Core Integrity 0/250 Matter 217/300 Energy 100/100 System Corruption 0% Temperature Cool (0) Movement Walking (260) Ox2 Location -9/Mines Parts ------- > --- POWER (1) -------- (None) > --- PROPULSION (2) --- Aluminum Leg Aluminum Leg > --- UTILITY (2) ------ High-capacity Storage Unit Visual Processing Unit > --- WEAPON (2) ------- Mining Laser > --- INVENTORY (20) --- Ion Engine Reinforced Deuterium Engine High-capacity Storage Unit Sensor Array Terrain Scanner Authchip [R/Combat] Peak State ------------ > --- POWER ------------ Ion Engine > --- PROPULSION ------- Wheel Compact Wheel > --- UTILITY ---------- Medium Storage Unit Visual Processing Unit > --- WEAPON ----------- Medium Laser Longsword +1 > --- INVENTORY -------- Ion Engine Reinforced Deuterium Engine Aluminum Leg Aluminum Leg Sensor Array Terrain Scanner Authchip [R/Combat] Light Assault Rifle Grenade Launcher Mining Laser [Rating: 16] Favorites ----------- Power Ion Engine Engine Ion Engine Propulsion Wheel Leg Aluminum Leg Wheel Wheel Utility Visual Processing Unit Storage Medium Storage Unit Processor Visual Processing Unit Weapon Assault Rifle Energy Gun EM Pulse Gun Ballistic Gun Assault Rifle Launcher Grenade Launcher Special Weapon Mining Laser Slashing Weapon Longsword +1 Build | -11 -10 -10 -10 -9 ------- Run | Jun Mat Min Exi Min Slots Evolved . | . . . . . Power . | . . . . . Propulsion . | . . . . . Utility . | . . . . . Weapon . | . . . . . Parts Attached 23 | 6 5 5 3 4 Power 2 | 1 . 1 . . Engine 2 | 1 . 1 . . Core . | . . . . . Reactor . | . . . . . Propulsion 6 | 2 . 2 . 2 Treads . | . . . . . Leg 2 | . . . . 2 Wheel 4 | 2 . 2 . . Hover . | . . . . . Flight . | . . . . . Utility 4 | 1 2 . 1 . Device . | . . . . . Storage 3 | 1 1 . 1 . Processor 1 | . 1 . . . Hackware . | . . . . . Protection . | . . . . . Artifact . | . . . . . Weapon 11 | 2 3 2 2 2 Energy Gun 5 | 1 3 1 . . Energy Cannon . | . . . . . Ballistic Gun 3 | 1 . 1 1 . Ballistic Cannon . | . . . . . Launcher 1 | . . . . 1 Special Weapon 1 | . . . . 1 Impact Weapon . | . . . . . Slashing Weapon 1 | . . . 1 . Piercing Weapon . | . . . . . Special Melee Weapon . | . . . . . Unidentified Prototypes 1 | . . . 1 . Parts Lost 10 | . 1 3 . 6 Power 1 | . . . . 1 Propulsion 3 | . . 1 . 2 Utility . | . . . . . Weapon 6 | . 1 2 . 3 Highest Loss Streak 6 | . 1 2 . 6 To Critical Strikes . | . . . . . Average Slot Usage (%) 99 | . 98 99 100 90 Engine 14 | . 14 14 14 14 Wheel 27 | . 28 28 28 16 Storage 14 | . 14 14 14 14 Processor 13 | . 12 14 14 14 Energy Gun 11 | . 14 7 14 7 Ballistic Gun 16 | . 14 20 14 9 Naked Turns . | . . . . . Heaviest Build 48 | 14 19 19 48 48 Greatest Support 26 | 26 26 26 26 26 Greatest Overweight (x) 4 | 2 . 1 1 4 Average Overweight (x) . | . . . . 1 Largest Inventory Capacity 20 | 8 10 10 20 20 Average Capacity 10 | 7 9 10 11 20 Most Carried 10 | . 7 10 10 10 Average Carried 6 | . 2 9 9 8 Final Capacity 20 | 8 10 10 20 20 Final Carried 10 | . 7 10 10 6 Class Distribution -------------------- 100% | Mutant Dominant Class ---------------- Mutant | -10/Materials Mutant | -10/Mines Mutant | -10/Exiles Mutant | -9/Mines Resources | -11 -10 -10 -10 -9 ----------- Run | Jun Mat Min Exi Min Matter Collected 502 | 257 132 113 . . Remotely . | . . . . . Salvage Created 548 | . 291 257 . . Parts 41 | . 27 14 . . Haulers Intercepted 1 | . 1 . . . Recyclers Shooed . | . . . . . Parts Field Recycled . | . . . . . Retrieved Matter . | . . . . . Parts Self-Destructed . | . . . . . Prevented . | . . . . . Kills | -11 -10 -10 -10 -9 ------- Run | Jun Mat Min Exi Min Combat Hostiles Destroyed 15 | . 8 7 . . Guns 13 | . 6 7 . . AOE 2 | . 2 . . . Classes Destroyed 4 | . 4 . . . Hauler 1 | . 1 . . . Watcher 3 | . 3 . . . Swarmer 8 | . 6 2 . . Grunt 7 | . 2 5 . . Best Kill Streak 3 | . 3 2 . . Combat Bots Only 3 | . 3 2 . . Max Kills in Single Turn 2 | . 2 1 . . Gunslinging . | . . . . . Exploded 2 | . 2 . . . Melee . | . . . . . Uniques/NPCs Destroyed . | . . . . . Combat | -11 -10 -10 -10 -9 -------- Run | Jun Mat Min Exi Min Damage Taken 1022 | . 245 211 . 566 Core 250 | . 13 63 . 174 Absorbed by Shields . | . . . . . Core Remaining (%) 100 | 100 . . . . Volleys Fired 58 | . 29 22 . 7 Largest 2 | . 2 2 . 1 Hottest 70 | . 70 70 . 30 Shots Fired 103 | . 57 39 . 7 Gun 99 | . 57 39 . 3 Cannon . | . . . . . Launcher 4 | . . . . 4 Special . | . . . . . Kinetic 69 | . 29 37 . 3 Thermal 5 | . 4 1 . . Explosive 4 | . . . . 4 Electromagnetic 25 | . 24 1 . . Robot Hit Streak 22 | . 14 22 . 14 Robot Miss Streak 3 | . 3 1 . 1 Penetration Max . | . . . . . Secondary Targets 1 | . . 1 . . Max Gunslinging Chain 1 | . . 1 . . Shots Hit Robots 77 | . 39 32 . 6 Core Hits 32 | . 15 14 . 3 Critical Kills . | . . . . . Critical Parts Destroyed . | . . . . . Critical Strikes 1 | . 1 . . . Corrupt 1 | . 1 . . . Melee Attacks . | . . . . . Impact . | . . . . . Slashing . | . . . . . Piercing . | . . . . . Sneak Attacks . | . . . . . Combat Hostiles . | . . . . . Follow-up Attacks . | . . . . . Damage Inflicted 950 | . 578 335 . 37 Guns 874 | . 524 335 . 15 Cannons . | . . . . . Explosions 76 | . 54 . . 22 Melee . | . . . . . Ramming . | . . . . . Kinetic 572 | . 249 308 . 15 Thermal 102 | . 90 12 . . Explosive 22 | . . . . 22 Electromagnetic 254 | . 239 15 . . Impact . | . . . . . Slashing . | . . . . . Piercing . | . . . . . Highest Corruption . | . . . . . Average Corruption . | . . . . . Corruption Purged . | . . . . . Corruption Blocked . | . . . . . Overload Shots . | . . . . . Overflow Damage . | . . . . . Projectiles . | . . . . . Explosions . | . . . . . Melee . | . . . . . Knockbacks . | . . . . . Impact . | . . . . . Kinetic . | . . . . . Secondary . | . . . . . Self-Inflicted Damage 25 | . 25 . . . Shots 1 | . 1 . . . Rammed . | . . . . . Targets Rammed . | . . . . . Kicked . | . . . . . Crushed . | . . . . . Highest Temperature 63 | . 63 30 . . Average Temperature 18 | . 20 12 . . Received Heat Transfer 186 | . 69 117 . . Siege Activations . | . . . . . Robots Corrupted . | . . . . . Combat Hostiles . | . . . . . Parts Fried 1 | . 1 . . . Impact Corruptions . | . . . . . Robots Melted . | . . . . . Combat Hostiles . | . . . . . Parts Melted . | . . . . . Heat Transferred 148 | . 111 37 . . Parts Sabotaged . | . . . . . Parts Stolen . | . . . . . Parts Stripped . | . . . . . Power Chain Reactions 1 | . 1 . . . Missiles Intercepted . | . . . . . Alert | -11 -10 -10 -10 -9 ------- Run | Jun Mat Min Exi Min Peak Influence 225 | . 219 225 . 15 Initial 2 | . . 2 . . Average 69 | . 76 71 . . Maximum Alert Level 1 | . 1 1 . . Low Security (%) 93 | 100 93 93 . 100 Level 1 6 | . 6 6 . . Level 2 . | . . . . . Level 3 . | . . . . . Level 4 . | . . . . . Level 5 . | . . . . . High Security . | . . . . . Max Security . | . . . . . Squads Dispatched . | . . . . . Investigation . | . . . . . Extermination . | . . . . . Reinforcement . | . . . . . Assault . | . . . . . Garrison . | . . . . . Intercept . | . . . . . Searches Triggered . | . . . . . Construction Impeded . | . . . . . Haulers Reinforced . | . . . . . Active Scanning Responses . | . . . . . Cargo Convoy Interrupts . | . . . . . Stealth | -11 -10 -10 -10 -9 --------- Run | Jun Mat Min Exi Min Distress Signals . | . . . . . Communications Jammed . | . . . . . Distress Signals . | . . . . . Times Spotted 26 | . 16 9 . 1 Peak Tracking Total 3 | . 3 3 . 1 Tactical Retreats . | . . . . . Traps | -11 -10 -10 -10 -9 ------- Run | Jun Mat Min Exi Min Traps Triggered 1 | . 1 . . . Indirectly . | . . . . . Trap Hack Attempts . | . . . . . Triggered . | . . . . . Disarmed . | . . . . . Reprogrammed . | . . . . . Reused . | . . . . . Traps Extracted . | . . . . . Installed . | . . . . . Triggered . | . . . . . Machines | -11 -10 -10 -10 -9 ---------- Run | Jun Mat Min Exi Min Machines Disabled 1 | . 1 . . . Max in Single Turn 1 | . 1 . . . Machines Repaired . | . . . . . Machines Sabotaged . | . . . . . Overloaded Fab Kills . | . . . . . Hacking | -11 -10 -10 -10 -9 --------- Run | Jun Mat Min Exi Min Machines Accessed 8 | . 8 . . . Terminals 8 | . 8 . . . Fabricators . | . . . . . Repair Stations . | . . . . . Recycling Units . | . . . . . Scanalyzers . | . . . . . Garrison Access . | . . . . . Total Hacks 25 | . 25 . . . Successful 14 | . 14 . . . Failed 11 | . 11 . . . Catastrophic 2 | . 2 . . . Database Lockouts . | . . . . . Manual 14 | . 13 . 1 . Terminals 25 | . 25 . . . Fabricators . | . . . . . Repair Stations . | . . . . . Recycling Units . | . . . . . Scanalyzers . | . . . . . Garrison Access . | . . . . . Terminal Hacks 7 | . 7 . . . Record 2 | . 2 . . . Robot Analysis 2 | . 2 . . . Level Access Points 1 | . 1 . . . Locate Traps 2 | . 2 . . . Fabricator Hacks . | . . . . . Repair Station Hacks . | . . . . . Recycling Unit Hacks . | . . . . . Scanalyzer . | . . . . . Garrison Access Hacks . | . . . . . Unauthorized Hacks 7 | . 7 . . . Terminals 7 | . 7 . . . Botnet 7 | . 7 . . . Fabricators . | . . . . . Repair Stations . | . . . . . Recycling Units . | . . . . . Scanalyzers . | . . . . . Garrison Access . | . . . . . Data Cores Recovered . | . . . . . Used . | . . . . . Hacking Detections 7 | . 7 . . . Full Trace Events 1 | . 1 . . . Feedback Events . | . . . . . Feedback Blocked . | . . . . . Robot Schematics Acquired . | . . . . . Robots Built . | . . . . . Authchips . | . . . . . Time . | . . . . . Total Robot Build Rating . | . . . . . Part Schematics Acquired . | . . . . . Parts Built . | . . . . . Authchips . | . . . . . Time . | . . . . . Total Part Build Rating . | . . . . . Parts Repaired . | . . . . . Time . | . . . . . Parts Recycled . | . . . . . Recycled Matter . | . . . . . Retrieved Matter . | . . . . . Retrieved Components . | . . . . . Parts Scanalyzed . | . . . . . Part Schematics Acquired . | . . . . . Parts Damaged . | . . . . . Bothacking | -11 -10 -10 -10 -9 ------------ Run | Jun Mat Min Exi Min Used RIF Installer . | . . . . . Robots Hacked . | . . . . . Non-combat . | . . . . . Combat . | . . . . . Robot Hacks Applied . | . . . . . Relay Couplers Released . | . . . . . Fabnet Peak Effective % . | . . . . . Robots Rewired . | . . . . . Allies Hacked . | . . . . . Hacks Repelled . | . . . . . Allies | -11 -10 -10 -10 -9 -------- Run | Jun Mat Min Exi Min Total Allies 3 | . . 3 . . Largest Group 3 | . . 3 3 3 Highest-Rated Group 40 | . . 40 40 40 Highest-Rated Ally 16 | . . 16 16 16 Total Orders . | . . . . . Ally Attacks 17 | . . 15 . 2 Total Damage 182 | . . 165 . 17 Kills 2 | . . 2 . . Allies Corrupted . | . . . . . Allies Melted . | . . . . . Intel | -11 -10 -10 -10 -9 ------- Run | Jun Mat Min Exi Min Robot Analysis Total 2 | . 2 . . . Derelict Logs Recovered 1 | . . 1 . . Drone Launches . | . . . . . Drone Recoveries . | . . . . . Exploration | -11 -10 -10 -10 -9 ------------- Run | Jun Mat Min Exi Min Turns Passed 1735 | 35 817 603 222 58 Spaces Moved 1607 | 28 781 537 230 31 Core 9 | 9 . . . . Treads . | . . . . . Legs 3 | . . . . 3 Wheels 1595 | 19 781 537 230 28 Hover . | . . . . . Flight . | . . . . . Fastest Speed 50 | 50 90 80 90 105 Average Speed 89 | 92 90 86 91 123 Slowest Speed 260 | 150 90 95 105 260 Overloaded Moves . | . . . . . Propulsion Burnouts . | . . . . . Robots Hopped . | . . . . . Cave-ins Triggered . | . . . . . Exploration Rate (%) 49 | 3 97 73 63 9 Regions Visited 4 Branch Regions 3 Pre-discovered Areas . | . . . . . Known Exits Taken . | . . . . . Unknown Exits Taken 4 | 1 1 1 1 . Scrap Searched 1 | . . 1 . . Spaces Dug . | . . . . . Terrain Destroyed 7 | . 3 . . 4 Melee . | . . . . . Projectile . | . . . . . AOE 7 | . 3 . . 4 Terrain Rammed . | . . . . . Walls Destroyed . | . . . . . Machines Disabled . | . . . . . Actions | -11 -10 -10 -10 -9 --------- Run | Jun Mat Min Exi Min Total 1796 | 33 835 641 242 45 Wait 94 | . 14 74 3 3 Move 1603 | 27 780 536 229 31 Hop . | . . . . . Pick Up 14 | . 7 4 3 . Fast Attach 7 | 6 1 . . . Attach 9 | . 1 3 1 4 Detach . | . . . . . Swap 7 | . 3 2 2 . Drop 4 | . . . 4 . Fire 58 | . 29 22 . 7 Melee . | . . . . . Ram . | . . . . . Kick . | . . . . . Crush . | . . . . . Escape Stasis . | . . . . . Rewire . | . . . . . Trap . | . . . . . Miscellaneous . | . . . . . Route ------- -11/Junkyard -10/Materials (discovered 4 exits: *Mat x3 / [*Min]) -10/Mines -10/Exiles -9/Mines History --------- Turn | Location | Event 17 | -11/Junkyard | Discovered new exit (range 16) 36 | -11/Junkyard | Entered Materials 226 | -10/Materials | Discovered new exit (range 7) 304 | -10/Materials | Build established: Mutant 423 | -10/Materials | Discovered new exit (range 11) 524 | -10/Materials | Discovered new exit (range 18) 617 | -10/Materials | Discovered new exit (range 15) 631 | -10/Materials | Identified exit to Materials 853 | -10/Materials | Entered Mines 1004 | -10/Mines | Deemed a non-threat by the Exiles lab entrance 1005 | -10/Mines | Discovered new exit (range 5) 1050 | -10/Mines | Assisted by bots powering up and referring to "LRC-V3" 1266 | -10/Mines | Learned Materials interactive machine intel 1456 | -10/Mines | Entered Exiles 1456 | -10/Exiles | Accompanied by 3 allies 1477 | -10/Exiles | Met 8R-AWN 1497 | -10/Exiles | Met EX-HEX 1524 | -10/Exiles | Met EX-BIN 1535 | -10/Exiles | Aligned with FarCom system 1535 | -10/Exiles | Given EX-Vault access code 1557 | -10/Exiles | Opened EX-Vault 1562 | -10/Exiles | Found Prototype Slashing Weapon 1563 | -10/Exiles | Identified Longsword +1 1584 | -10/Exiles | Warned to stay clear of 0b10 Research branches 1599 | -10/Exiles | Exiles lab attacked by MAIN.C 1660 | -10/Exiles | Discovered new exit (range 15) 1678 | -10/Exiles | Entered Mines 1678 | -9/Mines | Accompanied by 3 allies 1712 | -9/Mines | Core integrity fell below 50% 1724 | -9/Mines | Core integrity fell below 20% 1736 | -9/Mines | Destroyed by YI-UF0 with YI-UF0's Doublenader Last Messages --------------- DK-RAY destroyed. The unstable cave ceiling collapses. K-01 Serf collects debris. The unstable cave ceiling collapses. K-01 Serf destroyed. YI-UF0 mumbles something. The unstable cave ceiling collapses. K-01 Serf collects debris. The unstable cave ceiling collapses. K-01 Serf collects debris. The unstable cave ceiling collapses. Grenade Launcher destroyed. The unstable cave ceiling collapses. K-01 Serf collects debris. YI-UF0: "BWOOM!" K-01 Serf destroyed. The unstable cave ceiling collapses. YI-UF0 mumbles something. The unstable cave ceiling collapses. Ion Engine destroyed. Map ----- +----------------------------------------------------+ | | | | | | | | | | | | | | | | | | | | | | | ?????????????????????????????????????????????????? | | ?????????????????????????????????????########????? | | ?????????????????????????????????????# #????? | | ?????????????????????????????????????# #????? | | ??????????????#??????????????????????# #????? | | ??????????????# ?????????????????????# #????? | | ???????????????# ????????????????????# #????? | | ??????????????###%??????????????##???# """ #????? | | ??????????????# * [?????????#### ##### """ #????? | | ??????????????# ?##??#### # """ #????? | | ??????????##### # ### # # # # #????? | | ??????????? [ %!# #### ###????? | | ??????????????# #??# #??????? | | ??????????????# #### #??????? | | ??????????????# k g @ #??????? | | ???????????????# ## #######??????? | | ???????????????# ##????????????? | | ???????????? ##?????????????? | | ????????? # # #??????????????? | | ??????????# ####### #############??????????????? | | ??????????????????## ???????????????????????????? | | ???????????????????# ????????????????????????????? | | ???????????????????#?????????????????????????????? | | ?????????????????????????????????????????????????? | | ?????????????????????????????????????????????????? | | ?????????????????????????????????????????????????? | | ?????????????????????????????????????????????????? | | ?????????????????????????????????????????????????? | | ?????????????????????????????????????????????????? | | ?????????????????????????????????????????????????? | | ?????????????????????????????????????????????????? | | ?????????????????????????????????????????????????? | | ?????????????????????????????????????????????????? | | ?????????????????????????????????????????????????? | | ?????????????????????????????????????????????????? | | ?????????????????????????????????????????????????? | | ?????????????????????????????????????????????????? | | ?????????????????????????????????????????????????? | | ?????????????????????????????????????????????????? | +----------------------------------------------------+ Best States ------------- Heat Dissipation 25 Energy Generation 10 Energy Capacity 250 Matter Stores 300 Matter Capacity 300 Sight Range 18 Terrain Scan Density 10 Resistance: KI 20 Resistance: TH 20 Resistance: EX 20 Resistance: EM 20 Resistance: I 20 Resistance: S 20 Resistance: P 20 Evasion (%) 44 Offensive Hacking 10 Authchip Count 1 Item Schematics ----------------- None Robot Schematics ------------------ None Fabricated ------------ Nothing Alien Tech Used ----------------- None Achievements -------------- None Challenges ------------ None Game ------ Seed TransdimensionalMassSlayer Manual? 0 Play Time 00:18:56 Cumulative 124.0 hours Start 2023.05.08 @ 20:22:26 End 2023.05.08 @ 20:40:07 Sessions 1 Manual Loads 0 Difficulty Adventurer Special Mode None Game No. 116 Rogue 72 Adventurer 44 Explorer 0 Win Type - Total 0 Types 0/0/0/0/0/0/0/0/0 Lore% 41 Gallery% 54 Achievement% 40 Wizard Run 0 Options --------- ASCII 0 Keyboard 0 Movement Mouse Keybinds 0 Fullscreen 1 Font 12/Smallcaps Map View 83x54 Tactical HUD 0 Map Filters NONE Filters NONE Steam 1 RUN: c0152a3d-87fd-4cd9-9ad4-ce6825fe0884